 Dungeon Crawl Stone Soup version 0.18.1-8-gdd0e5ea (webtiles) character file.

11944 Scarto the Champion of Chaos (level 11, -6/89 HPs)
             Began as a Demonspawn Fighter on May 26, 2016.
             Was the Champion of Makhleb.
             Mangled by an Executioner (9 damage)
             ... summoned by the player character
             ... on level 11 of the Dungeon.
             The game lasted 00:20:52 (9706 turns).

Scarto the Champion of Chaos (Demonspawn Fighter)   Turns: 9706, Time: 00:20:53

Health: -6/89      AC: 20    Str: 21    XL:     11   Next: 56%
Magic:  0/25       EV:  5    Int: 11    God:    Makhleb [******]
Gold:   729        SH: 18    Dex: 10    Spells: 0 memorised, 10 levels left

rFire  . . .     SeeInvis +     G - +3 flail of Darkness {vamp, rN+ MP+9}
rCold  . . .     Gourm    .     n - +0 plate armour
rNeg   + . .     Faith    .     c - +2 shield
rPois  .         Spirit   +     (no helmet)
rElec  .         Dismiss  .     (no cloak)
rCorr  .         Reflect  +     (no gloves)
SustAt .         Harm     .     (no boots)
MR     +....                    o - +5 amulet of reflection
Stlth  ..........               C - +2 ring of strength
                                q - ring of see invisible

@: very slightly contaminated, somewhat resistant to hostile enchantments,
extremely unstealthy
A: talons 2, rough black scales 2, low mp 1, magic resistance 1, screaming 1,
spiny 1, magic shield, magic regeneration, subdued magic 1
a: Minor Destruction, Lesser Servant of Makhleb, Major Destruction, Greater
Servant of Makhleb, Renounce Religion


You were on level 11 of the Dungeon.
You worshipped Makhleb.
Makhleb was exalted by your worship.
You were not hungry.

You visited 1 branch of the dungeon, and saw 11 of its levels.

You collected 933 gold pieces.
You spent 204 gold pieces at shops.

Inventory:

Hand Weapons
 x - a +1 broad axe
 G - the +3 flail of Darkness (weapon) {vamp, rN+ MP+9}
   (You bought it in a shop on level 11 of the Dungeon)

   It inflicts no extra harm, but heals its wielder somewhat when it strikes a
   living foe.
   It protects you from negative energy.
   It affects your magic capacity (+9).
Missiles
 u - 24 tomahawks (quivered)
Armour
 c - a +2 shield (worn)
 n - a +0 plate armour (worn)
Jewellery
 o - a +5 amulet of reflection (around neck)
 q - a ring of see invisible (left hand)
 C - a +2 ring of strength (right hand)
Scrolls
 i - 8 scrolls of remove curse
 w - a scroll of fear
 y - 2 scrolls of teleportation
 A - a scroll of fog
 D - a scroll of identify
Potions
 b - 2 potions of brilliance
 d - 3 potions of lignification
 e - 4 potions of curing
 j - 2 potions of flight
 l - a potion of cure mutation
 m - 2 potions of cancellation {unknown}
 p - a potion of agility
 r - a potion of haste {unknown}
 s - a potion of resistance
Comestibles
 f - 2 bread rations
 g - 2 royal jellies
 h - 4 meat rations
 k - 3 beef jerkies
 z - 4 fruits
 B - 10 slices of pizza


   Skills:
 + Level 9.2 Fighting
 + Level 7.8 Axes
 + Level 1.0(4.9) Maces & Flails
 + Level 8.2 Armour
 - Level 0.5 Dodging
 + Level 8.0 Shields
 + Level 10.4 Invocations


You had 10 spell levels left.
You didn't know any spells.

Dungeon Overview and Level Annotations

Branches:
Dungeon (11/15)            Temple (0/1) D:5            Lair (0/8) D:10
    Orc (0/2) D:9

Altars:
Makhleb
Qazlal
Ru
Sif Muna
Trog
Vehumet
Yredelemnul
Zin
The Shining One

Shops:
D:11 (

Portals:
Trove: D:10 (show abyssal rune of Zot)


Innate Abilities, Weirdness & Mutations

You have razor-sharp toenails.
You are mostly covered in rough black scales (AC +7, Dex -2).
You are partially covered in sharp spines.
When hurt, damage is shared between your health and your magic reserves.
You regenerate magic rapidly.
Your magical capacity is low (-10% MP).
You are resistant to hostile enchantments.
You occasionally shout uncontrollably at your foes.
Your spells are a little easier to cast, but a little less powerful.


Message History

The Executioner hits you but does no damage.
Read which item? (? for menu, Esc to quit)
Blink to where?
Press: ? - help, Dir - move target cursor You are very lightly contaminated with residual magic.
As you read the scroll of blinking, it crumbles to dust.
The Executioner hits you but does no damage.
You block the Executioner's attack.
The Executioner hits you but does no damage.
Read which item? (? for menu, Esc to quit)
As you read the scroll of fear, it crumbles to dust.
You assume a fearsome visage.
The freezing wraith is unaffected.
The green death is unaffected.
The Executioner is unaffected.
You block the Executioner's attack.
The Executioner hits you but does no damage.
The Executioner hits you.
* * * LOW HITPOINT WARNING * * *
The Executioner hits you but does no damage.
You block the Executioner's attack. x2; The Executioner hits you!
You die...

#.....# #.....# #.....#
#..#..# ######### #..#..#
###........ #..#..#
..#........ #..#..########
.[#........ #..#.........####
..'........ #@1#..........).#
..#........ #....##########.#
..#........#####'##.'2.#..#..#
..
###........#........#..W.W').#
.
...........#........#######'##
..<........#...<....# #§§#
...........#........# #§.#
...........#........# #+##
....######.#........#


You could see a green death, an Executioner and a freezing wraith.

Vanquished Creatures
  Erolcha (D:8)
  A death yak (D:10)
  4 wizards (D:10)
  3 hill giants
  A guardian serpent (D:10)
  2 trolls
  The ghost of Rationalist the Skirmisher, an amateur DsBe of Trog (D:4)
  A spriggan (D:9)
  2 yaks (D:10)
  A hippogriff (D:7)
  A hungry ghost (D:6)
  Menkaure (D:5)
  Edmund (D:5)
  The ghost of Xiguana the Ruffian, an amateur VSMo (D:3)
  A water moccasin (D:8)
  10 orc warriors
  A sky beast (D:5)
  2 black bears (D:8)
  2 phantoms
  A wasp (D:10)
  A necrophage (D:8)
  4 ogres
  7 boggarts (D:10)
  2 centaurs
  2 big kobolds (D:9)
  5 giant frogs
  A wyvern zombie (D:11)
  4 scorpions
  3 killer bees (D:8)
  3 wights (D:10)
  A howler monkey (D:6)
  A crimson imp (D:5)
  4 giant frog zombies
  3 orc priests
  5 hounds
  A jelly (D:9)
  12 orc wizards
  2 giant frog skeletons
  A centaur skeleton (D:10)
  2 hell rats (D:10)
  Natasha (thrice) (D:4)
  3 iguanas
  3 worker ants
  A killer bee zombie (D:11)
  A hound skeleton (D:11)
  A howler monkey zombie (D:5)
  2 worker ant zombies (D:6)
  A howler monkey skeleton (D:6)
  5 gnolls
  17 adders
  A river rat (D:10)
  3 shadow imps
  An ooze (D:6)
  An adder skeleton (D:5)
  2 worms
  A dart slug (D:4)
  11 giant geckos
  38 orcs
  9 giant cockroaches
  5 goblins
  13 hobgoblins
  10 jackals
  3 quokkas
  2 ball pythons
  9 bats
  A giant newt (D:2)
  19 kobolds
  A quokka skeleton (D:8)
  A quokka zombie (D:6)
  12 rats
282 creatures vanquished.

Vanquished Creatures (others)
  A centaur (D:7)
  An orc (D:8)
2 creatures vanquished.

Grand Total: 284 creatures vanquished

Notes
Turn   | Place    | Note
--------------------------------------------------------------
     0 | D:1      | Scarto the Demonspawn Fighter began the quest for the Orb.
     0 | D:1      | Reached XP level 1. HP: 18/18 MP: 1/1
   147 | D:1      | Gained mutation: You are partially covered in sharp spines. [demonic ancestry]
   147 | D:1      | Reached XP level 2. HP: 16/24 MP: 2/2
   913 | D:2      | Found a burning altar of Makhleb.
   919 | D:2      | Became a worshipper of Makhleb the Destroyer
   937 | D:2      | Gained mutation: When hurt, damage is shared between your health and your magic reserves. [demonic ancestry]
   937 | D:2      | Reached XP level 3. HP: 29/29 MP: 3/3
  1106 | D:2      | Reached XP level 4. HP: 16/35 MP: 2/4
  1411 | D:2      | Reached * piety under Makhleb
  1411 | D:2      | Reached skill level 1 in Invocations
  1885 | D:3      | Gained mutation: You regenerate magic rapidly. [demonic ancestry]
  1885 | D:3      | Reached XP level 5. HP: 42/42 MP: 6/6
  1907 | D:3      | Reached skill level 2 in Invocations
  1967 | D:3      | Found a radiant altar of Vehumet.
  2075 | D:3      | Found a bloodstained altar of Trog.
  2078 | D:3      | Found a basalt altar of Yredelemnul.
  2080 | D:3      | Found a glowing silver altar of Zin.
  2080 | D:3      | Found a deep blue altar of Sif Muna.
  2114 | D:3      | Found a faded altar to an unknown god.
  2122 | D:3      | Reached ** piety under Makhleb
  2126 | D:3      | Reached XP level 6. HP: 48/48 MP: 7/7
  2174 | D:3      | Noticed Xiguana's ghost (amateur VSMo)
  2182 | D:3      | Killed Xiguana's ghost
  2441 | D:4      | Noticed Natasha
  2449 | D:4      | Killed Natasha
  2449 | D:4      | Reached skill level 3 in Invocations
  2613 | D:4      | Noticed Rationalist's ghost (amateur DsBe)
  2615 | D:4      | Gained mutation: You are partially covered in rough black scales (AC +4, Dex -1). [demonic ancestry]
  2615 | D:4      | Reached XP level 7. HP: 43/55 MP: 7/9
  2632 | D:4      | Killed Rationalist's ghost
  2632 | D:4      | Reached skill level 4 in Invocations
  2805 | D:4      | Gained mutation: You are mostly covered in rough black scales (AC +7, Dex -2). [potion of mutation]
  2805 | D:4      | Gained mutation: You have supernaturally acute eyesight. [potion of mutation]
  2965 | D:4      | Noticed Natasha
  2975 | D:4      | Killed Natasha
  3001 | D:4      | Noticed Natasha
  3006 | D:4      | Killed Natasha
  3006 | D:4      | Reached skill level 5 in Fighting
  3104 | D:4      | Reached *** piety under Makhleb
  3337 | D:5      | Entered Level 5 of the Dungeon
  3354 | D:5      | Gained mutation: You have sharp toenails. [demonic ancestry]
  3354 | D:5      | Reached XP level 8. HP: 61/62 MP: 11/11
  3546 | D:5      | Found a staircase to the Ecumenical Temple.
  3549 | D:5      | Gained mutation: Your spells are a little easier to cast, but a little less powerful. [mutagenic meat]
  3551 | D:5      | Gained mutation: You occasionally shout uncontrollably at your foes. [mutagenic meat]
  3552 | D:5      | Lost mutation: You have supernaturally acute eyesight. [mutagenic meat]
  3697 | D:5      | Noticed Edmund
  3717 | D:5      | Killed Edmund
  3717 | D:5      | Reached skill level 5 in Invocations
  3889 | D:5      | Noticed Menkaure
  3897 | D:5      | Killed Menkaure
  3897 | D:5      | Reached skill level 5 in Shields
  4131 | D:5      | Reached skill level 5 in Armour
  4189 | D:6      | Reached **** piety under Makhleb
  4281 | D:6      | Reached skill level 5 in Axes
  4384 | D:6      | Reached skill level 6 in Invocations
  4537 | D:6      | Gained mutation: You have razor-sharp toenails. [demonic ancestry]
  4537 | D:6      | Reached XP level 9. HP: 71/71 MP: 13/13
  5319 | D:7      | Found a sacrificial altar of Ru.
  5757 | D:8      | Reached ***** piety under Makhleb
  5855 | D:8      | Reached skill level 7 in Invocations
  6343 | D:8      | Noticed Erolcha
  6361 | D:8      | Found a glowing golden altar of the Shining One.
  6416 | D:8      | Killed Erolcha
  6416 | D:8      | Reached skill level 8 in Invocations
  6416 | D:8      | Reached XP level 10. HP: 79/79 MP: 13/16
  6553 | D:8      | Found a stormy altar of Qazlal.
  7114 | D:9      | Found a staircase to the Orcish Mines.
  7289 | D:9      | Reached ****** piety under Makhleb
  7513 | D:10     | Entered Level 10 of the Dungeon
  7557 | D:10     | Noticed a guardian serpent
  7570 | D:10     | Killed a guardian serpent
  7574 | D:10     | Gained mutation: Your mind is acute. (Int +2) [mutagenic meat]
  7576 | D:10     | Gained mutation: Your magical capacity is low (-10% MP). [mutagenic meat]
  7577 | D:10     | Lost mutation: Your mind is acute. (Int +2) [mutagenic meat]
  7578 | D:10     | Gained mutation: You are resistant to hostile enchantments. [mutagenic meat]
  7644 | D:10     | Reached skill level 9 in Invocations
  7650 | D:10     | Noticed a death yak
  7684 | D:10     | Killed a death yak
  7702 | D:10     | Found a staircase to the Lair.
  7948 | D:10     | Noticed a hill giant
  8215 | D:10     | Noticed a wizard
  8219 | D:10     | Paralysed by a wizard for 2 turns
  8225 | D:10     | Killed a wizard
  8225 | D:10     | Reached XP level 11. HP: 87/87 MP: 16/16
  8238 | D:10     | Noticed a wizard
  8248 | D:10     | Killed a wizard
  8264 | D:10     | Noticed a wizard
  8274 | D:10     | Paralysed by a wizard for 3 turns
  8281 | D:10     | Killed a wizard
  8284 | D:10     | Got a transparent lajatang {freeze}
  8461 | D:10     | Got an amber-encrusted ring mail
  8484 | D:10     | Identified the +2 ring mail of the Doldrums {Int+4 SInv} (You found it on level 10 of the Dungeon)
  8639 | D:10     | Noticed a hill giant
  8645 | D:10     | Noticed a wizard
  8654 | D:10     | Killed a hill giant
  8654 | D:10     | Reached skill level 10 in Invocations
  8662 | D:10     | Killed a wizard
  9122 | D:10     | Found a portal to a secret trove of treasure.
  9500 | D:11     | Found Zeixus's Antique Weapon Shoppe.
  9518 | D:11     | Bought a jewelled flail for 204 gold pieces
  9524 | D:11     | Identified the +3 flail of Darkness {vamp, rN+ MP+9} (You bought it in a shop on level 11 of the Dungeon)
  9629 | D:11     | Found a runed door.
  9629 | D:11     | Noticed a hill giant
  9637 | D:11     | Killed a hill giant
  9653 | D:11     | Noticed a hill giant
  9664 | D:11     | Killed a hill giant
  9664 | D:11     | Reached skill level 1 in Maces & Flails
  9684 | D:11     | Noticed a sea snake
  9685 | D:11     | Noticed a ghost crab
  9685 | D:11     | a sea snake changed into a ghost crab
  9688 | D:11     | Noticed a fire crab
  9688 | D:11     | a ghost crab changed into a fire crab
  9688 | D:11     | a fire crab changed into a queen bee
  9693 | D:11     | Noticed a swamp dragon
  9693 | D:11     | a jumping spider changed into a swamp dragon
  9694 | D:11     | Noticed a green death
  9696 | D:11     | a swamp dragon changed into a swamp worm
  9699 | D:11     | Noticed a giant orange brain
  9699 | D:11     | a faun changed into a giant orange brain
  9700 | D:11     | Noticed an Executioner
  9703 | D:11     | HP: 4/89 [Executioner[the player character] (2)]
  9706 | D:11     | Mangled by an Executioner

Skill      XL: |  1  2  3  4  5  6  7  8  9 10 11 |
---------------+----------------------------------+-----
Axes           | 2 3 4 5 6 7 |  7.8
Armour         | 3 4 5 6 7 8 |  8.2
Shields        | 3 4 5 6 7 8 |  8.0
Invocations    | 1 2 3 4 6 8 9 10 | 10.4
Fighting       | 4 5 6 7 8 9 |  9.2
Maces & Flails | 1 |  1.0
Dodging        | |  0.5

Action                   |  1- 3 |  4- 6 |  7- 9 | 10-12 || total
-------------------------+-------+-------+-------+-------++-------
Melee: War axe           |    73 |   116 |   372 |   419 ||   980
       Kick              |       |       |    83 |   130 ||   213
       Flail             |       |       |       |    37 ||    37
Invok: Greater Servant o |       |       |       |     2 ||     2
  Use: Scroll            |       |     2 |    16 |     9 ||    27
       Potion            |       |     2 |     2 |     8 ||    12
  Eat: Bread ration      |       |     2 |     3 |     3 ||     8
       Chunk             |       |       |     4 |    14 ||    18
Armor: Scale mail        |    27 |    21 |    76 |       ||   124
       Plate armour      |       |       |    72 |   158 ||   230
Dodge: Dodged            |    17 |    28 |    53 |    48 ||   146
Block: Shield            |    31 |    97 |   345 |   418 ||   891
       Reflection        |       |       |     6 |     4 ||    10
